 Dungeon Crawl Stone Soup version 0.22.1-6-g1668fe2 (console) character file.

1603 erker the Cudgeler (level 8, -1/48 HPs)
             Began as a Gargoyle Fighter on Jan 19, 2019.
             Killed by divine providence
             ... invoked by an orc priest
              (15 damage)
             ... on level 8 of the Dungeon.
             The game lasted 00:11:08 (4722 turns).

erker the Cudgeler (Gargoyle Fighter)               Turns: 4722, Time: 00:11:09

Health: -1/48      AC: 20    Str: 26    XL:     8   Next: 94%
Magic:  11/11      EV:  7    Int: 10    God:
Gold:   255        SH: 10    Dex:  9    Spells: 7/7 levels left

rFire    . . .     SeeInvis .   a - +0 flail
rCold    . . .     Gourm    .   c - +0 shield
rNeg     + . .     Faith    .   M - +0 chain mail
rPois    ∞         Spirit   .   (no helmet)
rElec    +         Reflect  .   n - +1 cloak
rCorr    .         Harm     .   L - +0 pair of gloves (curse)
MR       .....                  p - +0 pair of boots
Stlth    ..........             G - amulet of regeneration
HPRegen  0.56/turn              q - ring of flight
MPRegen  0.12/turn              (no ring)

@: mighty
A: negative energy resistance 1, electricity resistance, unbreathing,
petrification resistance, rot immunity, AC +5
a: Evoke Flight


You were on level 8 of the Dungeon.
You were not hungry.

You visited 2 branches of the dungeon, and saw 9 of its levels.

You collected 255 gold pieces.

Inventory:

Hand Weapons
 a - a +0 flail (weapon)
Missiles
 A - 18 poisoned needles
Armour
 b - a +0 scale mail
 c - a +0 shield (worn)
 n - a +1 cloak (worn)
 p - a +0 pair of boots (worn)
 L - a cursed +0 pair of gloves (worn)
 M - a +0 chain mail (worn)
Jewellery
 q - a ring of flight (left hand)
 G - an amulet of regeneration (around neck)
Wands
 r - a wand of acid (4)
 z - a wand of clouds (5)
Scrolls
 e - a scroll of immolation {unknown}
 g - 5 scrolls of identify {unknown}
 h - 6 scrolls of teleportation {unknown}
 i - 4 scrolls of remove curse {unknown}
 j - 3 scrolls of magic mapping {unknown}
 l - 2 scrolls of enchant armour {unknown}
 t - 4 scrolls of amnesia {unknown}
 u - 3 scrolls of fog {unknown}
 y - a scroll of random uselessness {unknown}
 C - a scroll of enchant weapon {unknown}
 E - a scroll of noise {unknown}
 H - a scroll of fear {unknown}
 I - a scroll of blinking {unknown}
Potions
 m - a potion of heal wounds {unknown}
 o - 2 potions of mutation {unknown}
 s - 3 potions of agility
 v - 3 potions of haste {unknown}
 w - 2 potions of resistance {unknown}
 x - a potion of berserk rage {unknown}
 B - a potion of lignification {unknown}
 D - a potion of ambrosia {unknown}
 F - a potion of flight {unknown}
 J - a potion of brilliance {unknown}
Comestibles
 f - 12 rations
 K - 6 chunks of flesh


   Skills:
 + Level 4.6 Fighting
 + Level 6.7 Maces & Flails
 + Level 5.5 Armour
 + Level 2.0 Dodging
 + Level 5.9 Shields
 * Level 4.2 Evocations


You had 7 spell levels left.
You didn't know any spells.
Your spell library was empty.

Dungeon Overview and Level Annotations

Branches:
Dungeon (7/15)             Temple (1/1) D:4

Altars:
Ashenzari
Cheibriados
Dithmenos
Fedhas
Gozag
Hepliaklqana
Kikubaaqudgha
Okawaru
Qazlal
Ru
Sif Muna
Trog
Uskayaw
Vehumet
Wu Jian
Xom
Yredelemnul
The Shining One


Innate Abilities, Weirdness & Mutations

You are resistant to torment.
Your stone body is resilient. (AC +5)
You are immune to poison.
You resist negative energy. (rN+)
You are resistant to electric shocks. (rElec)
You can survive without breathing.
You are immune to petrification.
You are immune to rotting.


Message History

The orc priest invokes the aid of Beogh against you.
Beogh smites you!
* * * LOW HITPOINT WARNING * * *
Items here: % ) [ † a dagger; a robe; a ration; an orc corpse Your shield and chain mail prevent you from hitting the orc priest.
The orc wizard mumbles some strange words.
The orc wizard blinks!
The orc priest hits you but does no damage.
You sock the orc priest!
The orc priest is almost dead.
The orc wizard gestures wildly while chanting.
The orc wizard blinks!
The orc priest casts a cantrip, but nothing happens.
You sock the orc priest!
You kill the orc priest!
The orc wizard is no longer moving quickly.
The orc priest mumbles some strange prayers to Beogh against you.
Beogh smites you!
You die...

##..##.# ###.###
#......####
#.(........
#.#.#######
#...[######
#######.)..§.....
...........######
#.#.##o).......
##.@o5.....##
#.###.####.# #.
#.# .# # #.# #
#.# #.# ..


You could see an orc priest, an orc wizard and a shadow imp.

Vanquished Creatures
  3 orc warriors
  An ice beast (D:8)
  A phantom (D:6)
  3 centaurs
  A bullfrog (D:6)
  A scorpion (D:4)
  A wight (D:8)
  A howler monkey (D:4)
  A centaur zombie (D:5)
  2 hounds (D:6)
  A jelly (D:7)
  3 orc priests
  2 iguanas
  5 orc wizards
  3 worker ants
  A worker ant zombie (D:5)
  4 gnolls (D:2)
  5 adders
  2 shadow imps (D:5)
  3 oozes
  An adder zombie (D:8)
  2 worms
  3 dart slugs
  5 leopard geckos
  13 orcs
  2 ball pythons
  2 giant cockroaches (D:1)
  2 gnoll zombies (D:3)
  12 goblins
  12 hobgoblins
  3 quokkas
  9 bats
  5 frilled lizards
  2 jackal skeletons
  6 kobolds
  A leopard gecko skeleton (D:8)
  3 rats
127 creatures vanquished.

Notes
Turn   | Place    | Note
-------+----------+-------------------------------------------
     0 | D:1      | erker the Gargoyle Fighter began the quest for the Orb.
     0 | D:1      | Reached XP level 1. HP: 14/14 MP: 1/1
    74 | D:1      | Reached XP level 2. HP: 15/19 MP: 2/2
   591 | D:1      | Reached XP level 3. HP: 22/23 MP: 3/3
   961 | D:2      | Found a hazy altar of Hepliaklqana.
  1023 | D:2      | Reached XP level 4. HP: 18/28 MP: 4/4
  1029 | D:2      | Reached skill level 3 in Maces & Flails
  1343 | D:2      | Reached skill level 1 in Evocations
  1641 | D:2      | Reached XP level 5. HP: 25/33 MP: 5/5
  1991 | D:3      | Found a blossoming altar of Fedhas.
  2102 | D:3      | Found a basalt altar of Yredelemnul.
  2501 | D:4      | Reached skill level 1 in Dodging
  2586 | D:4      | Reached XP level 6. HP: 22/38 MP: 7/7
  2758 | D:4      | Found a staircase to the Ecumenical Temple.
  2772 | Temple   | Entered the Ecumenical Temple
  2947 | D:4      | Reached skill level 4 in Maces & Flails
  3109 | D:5      | Entered Level 5 of the Dungeon
  3266 | D:5      | Found a glowing golden altar of the Shining One.
  3268 | D:5      | Found a bloodstained altar of Trog.
  3279 | D:5      | Found a hide-covered altar of Uskayaw.
  3280 | D:5      | Found a shattered altar of Ashenzari.
  3280 | D:5      | Found a snail-covered altar of Cheibriados.
  3319 | D:5      | Reached XP level 7. HP: 43/43 MP: 8/8
  3393 | D:5      | Found a sacrificial altar of Ru.
  3826 | D:6      | Reached skill level 5 in Maces & Flails
  4031 | D:6      | Reached skill level 5 in Shields
  4258 | D:6      | Reached skill level 5 in Armour
  4258 | D:6      | Reached XP level 8. HP: 7/48 MP: 10/10
  4572 | D:7      | You fall through a shaft!
  4617 | D:8      | Reached skill level 6 in Maces & Flails
  4722 | D:8      | Killed from afar by an orc priest

Skill      XL: |  1  2  3  4  5  6  7  8 |
---------------+-------------------------+-----
Maces & Flails | 3 4 5 6 |  6.7
Evocations     | 1 2 3 4 |  4.2
Shields        | 4 5 |  5.9
Armour         | 4 5 |  5.5
Dodging        | 1 2 |  2.0
Fighting       | 4 |  4.6

Action                   |  1- 3 |  4- 6 |  7- 9 || total
-------------------------+-------+-------+-------++-------
Melee: Flail             |   155 |   280 |   218 ||   653
Evoke: Wand              |       |       |     5 ||     5
  Use: Potion            |       |     2 |     2 ||     4
  Eat: Chunk             |     1 |     7 |     6 ||    14
Armor: Scale mail        |    94 |   167 |    56 ||   317
       Chain mail        |       |       |    76 ||    76
Dodge: Dodged            |    47 |   115 |    55 ||   217
Block: Shield            |    76 |   176 |   105 ||   357
